AoeStats
← diekaiserwurst

Lombardia

510174135Analyzed
4v4 RM · 2d ago on Sep 29, 2026· 85m 12s· 8 players
Game mode
Random Map
Map size
Large (8 player)
Population
200
Speed
Normal
Resources
Standard
Victory
Conquest
Starting age
Dark Age
Ending age
Imperial Age
RankedLock teamsTeams togetherTeam positionsShared explorationLock speedFull tech treeHidden civsTurbo modeCheats
Victory
Defeat
🇫🇷 Mongols · France
1216
+15
🇦🇷 Spanish · Argentina
1118
+19
🇩🇪 Byzantines · Germany
1091
+21
🇩🇪 Romans · Germany
1091
+20
🇮🇹 Italians · Italy
1213
-20
🇦🇹 Vietnamese · Austria
1213
-20
🇦🇷 Franks · Argentina
1175
-18
🇲🇽 Saxons · Mexico
1154
-17
victor_mv7
4:20 Loom
11:12 Feudal Age
12:20 Double-Bit Axe
16:14 Castle Age
14:39 Horse Collar
17:10 Bow Saw
18:47 Heavy Plow
25:12 Scale Mail Armor
25:37 Pikeman
26:44 Squires
27:27 Wheelbarrow
27:22 Gold Mining
28:01 Stone Mining
28:54 Gold Shaft Mining
28:23 Caravan
28:55 Gambesons
30:19 Hand Cart
30:23 Crossbowman
35:11 Imperial Age
32:46 Fletching
32:52 Clerical Recruitment
35:11 Forging
35:17 Chain Mail Armor
35:09 Scale Barding Armor
36:23 Conscription
35:48 Elite Varangian Guard
37:08 Iron Casting
39:04 Two-Man Saw
37:32 Arbalester
38:58 Bodkin Arrow
39:04 Padded Archer Armor
41:18 Bracer
42:20 Chemistry
41:41 Ballistics
41:52 Thumb Ring
43:47 Leather Archer Armor
44:04 Plate Mail Armor
44:30 Crop Rotation
45:31 Halberdier
49:21 Ring Archer Armor
49:12 Chain Barding Armor
49:33 Arson
49:20 Capped Ram
51:31 Heavy Scorpion
52:06 Treadmill Crane
53:35 Shield Wall
57:45 Murder Holes
58:20 Elite Skirmisher
63:49 Man-at-Arms
74:03 Long Swordsman
80:01 Masonry
Player2
7:29 Loom
10:10 Feudal Age
10:52 Double-Bit Axe
14:25 Fletching
14:22 Town Watch
15:43 Horse Collar
21:53 Wheelbarrow
24:23 Castle Age
22:15 Gold Mining
22:27 Padded Archer Armor
24:57 Crossbowman
25:34 Bodkin Arrow
25:57 Bow Saw
26:43 Heavy Plow
26:36 Stone Mining
27:23 Hand Cart
31:39 Ballistics
34:29 Imperial Age
32:29 Thumb Ring
34:34 Leather Archer Armor
34:02 Treadmill Crane
36:06 Conscription
36:50 Chemistry
37:03 Bracer
37:33 Ring Archer Armor
37:42 Arbalester
41:54 Masonry
42:50 Elite Genoese Crossbowman
45:22 Silk Road
47:12 Hoardings
46:49 Pirotechnia
46:03 Light Cavalry
46:04 Cavalier
46:45 Husbandry
47:01 Bloodlines
48:54 Guilds
49:15 Coinage
48:45 Caravan
49:19 Ring Archer Armor
50:14 Hussar
51:43 Forging
51:33 Scale Mail Armor
51:38 Scale Barding Armor
51:37 Squires
51:23 Arson
50:58 Pikeman
52:41 Banking
54:41 Chain Barding Armor
54:36 Chain Mail Armor
55:07 Iron Casting
56:54 Plate Barding Armor
61:14 Blast Furnace
60:45 Plate Mail Armor
68:33 Guard Tower
68:38 Murder Holes
69:14 Architecture
70:09 Capped Ram
71:45 Elite Skirmisher
77:51 Arrowslits
78:42 Keep
82:08 Imperial Skirmisher
KZA
7:25 Loom
11:49 Feudal Age
12:46 Double-Bit Axe
18:00 Castle Age
21:27 Husbandry
31:34 Scale Barding Armor
31:39 Forging
32:51 Chain Barding Armor
35:47 Imperial Age
33:54 Wheelbarrow
33:55 Iron Casting
35:57 Cavalier
38:08 Plate Barding Armor
38:33 Blast Furnace
40:13 Blast Furnace
39:59 Paladin
43:22 Caravan
52:28 Fletching
55:43 Elite Skirmisher
56:26 Padded Archer Armor
56:38 Bodkin Arrow
57:06 Ballistics
57:46 Chemistry
57:25 Imperial Skirmisher
58:23 Leather Archer Armor
59:33 Light Cavalry
63:41 Bow Saw
diekaiserwurst
7:48 Loom
9:42 Feudal Age
10:41 Double-Bit Axe
21:23 Castle Age
22:30 Bow Saw
23:33 Crossbowman
25:51 Wheelbarrow
27:32 Fletching
27:31 Horse Collar
29:14 Hand Cart
33:49 Gold Mining
35:43 Thumb Ring
36:28 Bodkin Arrow
39:32 Imperial Age
37:49 Padded Archer Armor
37:47 Stone Mining
39:36 Arbalester
40:18 Bracer
40:48 Ballistics
41:29 Chemistry
42:03 Leather Archer Armor
43:34 Town Watch
48:43 Ring Archer Armor
48:37 Fortified Wall
48:23 Murder Holes
48:34 Siege Engineers
48:41 Masonry
51:55 Elite Skirmisher
53:29 Imperial Skirmisher
guillaumegbzh
8:26 Loom
10:12 Feudal Age
11:11 Double-Bit Axe
14:22 Horse Collar
16:56 Scale Barding Armor
20:44 Castle Age
19:30 Bloodlines
20:20 Forging
22:01 Bow Saw
23:47 Husbandry
25:54 Gold Mining
27:10 Stone Mining
29:36 Wheelbarrow
28:52 Town Watch
30:11 Fletching
31:19 Chain Barding Armor
31:53 Heavy Plow
36:20 Imperial Age
34:48 Iron Casting
34:22 Bodkin Arrow
37:23 Bracer
38:23 Hand Cart
38:30 Ballistics
38:11 Padded Archer Armor
38:56 Stone Shaft Mining
38:56 Gold Shaft Mining
38:49 Thumb Ring
39:09 Parthian Tactics
41:09 Conscription
41:06 Leather Archer Armor
41:53 Chemistry
42:48 Hoardings
42:25 Masonry
42:42 Town Patrol
42:07 Elite Skirmisher
43:21 Elite Mangudai
46:12 Fortified Wall
46:28 Nomads
47:45 Heavy Camel Rider
49:28 Blast Furnace
49:08 Siege Engineers
60:19 Onager
61:21 Drill
60:34 Light Cavalry
63:07 Caravan
76:50 Capped Ram
78:27 Siege Ram
Huly
11:26 Feudal Age
12:05 Feudal Age
14:30 Loom
14:49 Scale Mail Armor
16:22 Horse Collar
17:53 Stone Mining
20:04 Double-Bit Axe
26:10 Castle Age
24:52 Wheelbarrow
26:30 Scale Barding Armor
26:36 Forging
27:06 Bow Saw
26:59 Heavy Plow
26:44 Light Cavalry
29:02 Pikeman
30:47 Fletching
30:57 Padded Archer Armor
31:25 Bodkin Arrow
33:41 Elite Skirmisher
34:49 Chain Barding Armor
35:24 Iron Casting
39:34 Imperial Age
38:44 Thumb Ring
38:58 Leather Archer Armor
40:53 Plate Barding Armor
39:43 Cavalier
40:23 Husbandry
44:11 Hand Cart
43:18 Heavy Camel Rider
45:45 Caravan
49:21 Bracer
49:52 Ring Archer Armor
50:16 Crop Rotation
50:48 Two-Man Saw
51:29 Chemistry
52:01 Conscription
52:17 Hoardings
52:15 Ballistics
52:40 Chain Mail Armor
52:29 Squires
54:18 Fortified Wall
54:04 Murder Holes
65:05 Plate Mail Armor
64:09 Hussar
72:48 Treadmill Crane
72:57 Halberdier
83:19 Coinage
83:03 Guilds
84:19 Logistica
83:31 Elite Cataphract
83:44 Elite Cataphract
84:26 Greek Fire
85:28 Banking
Pablo
12:07 Feudal Age
18:01 Castle Age
16:34 Double-Bit Axe
16:30 Horse Collar
19:50 Bow Saw
29:30 Padded Archer Armor
34:28 Imperial Age
32:24 Leather Archer Armor
33:11 Wheelbarrow
34:33 Elite Conquistador
35:35 Conscription
37:53 Ring Archer Armor
37:27 Husbandry
37:37 Bloodlines
44:23 Hand Cart
44:29 Caravan
67:18 Two-Man Saw
66:20 Heavy Plow
Libera
1:02 Loom
11:32 Feudal Age
15:12 Castle Age
14:32 Horse Collar
15:51 Light Cavalry
19:17 Double-Bit Axe
20:21 Heavy Plow
20:38 Bow Saw
26:09 Wheelbarrow
28:01 Hand Cart
29:15 Town Watch
30:19 Town Patrol
31:21 Caravan
34:02 Imperial Age
31:42 Gold Mining
31:44 Stone Mining
33:49 Fortified Wall
34:00 Ballistics
35:30 Gold Shaft Mining
34:59 Heavy Plow
35:08 Husbandry
35:19 Bloodlines
35:16 Squires
34:40 Man-at-Arms
35:22 Squires
36:32 Scale Mail Armor
36:47 Forging
35:59 Long Swordsman
37:05 Comitatenses
37:06 Conscription
36:07 Elite Centurion
38:27 Chain Mail Armor
38:49 Iron Casting
39:45 Crop Rotation
38:42 Legionary
39:29 Pikeman
41:16 Loom
40:59 Halberdier
41:51 Scale Barding Armor
42:47 Blast Furnace
47:57 Ballistas
47:21 Capped Ram
48:42 Siege Ram
51:17 Heavy Scorpion
51:22 Siege Ram
53:59 Chemistry
53:10 Masonry
Connection lost

Rejoining the realm…

Still unreachable

The connection could not be restored.

Session expired

The server has moved on; the page needs a fresh start.